 Dungeon Crawl Stone Soup version 0.31-a0-986-g5e6e4ef867 (webtiles) character file.

Game seed: 2054813266892311556

1612 gelatine the Digger (level 8, -14/61 HPs)
             Began as a Demonspawn Earth Elementalist on Nov 11, 2023.
             Demolished by a gargoyle
             ... wielding a +0 flail
              (25 damage)
             ... on level 6 of the Dungeon.
             The game lasted 00:16:29 (7152 turns).

gelatine the Digger (Demonspawn Earth Elementalist) Turns: 7152, Time: 00:16:30

Health: -14/61     AC:  7    Str:  8    XL:     8   Next: 63%
Magic:  12/17      EV: 12    Int: 19    God:
Gold:   302        SH:  4    Dex: 14    Spells: 13/19 levels left

rFire   + . .        p - +3 dagger (vamp)
rCold   . . .        (no shield)
rNeg    + . .        a - +0 robe
rPois   .            l - +1 helmet
rElec   .            (no cloak)
rCorr   .            (gloves unavailable)
SInv    .            o - +2 pair of boots
Will    .....        (no amulet)
Stlth   ++           m - ring of protection from fire
HPRegen 0.30/turn    n - ring of positive energy
MPRegen 0.15/turn

%: no passive effects
@: very slightly contaminated
A: hooves 1, demonic guardian 1, condensation shield, demonic touch 3
a: no special abilities


You were on level 6 of the Dungeon.
You visited 1 branch of the dungeon, and saw 6 of its levels.
You also visited: Sewer.

You collected 341 gold pieces.
You spent 39 gold pieces at shops.

Inventory:

Hand Weapons
 p - a +3 vampiric dagger (weapon)
Armour
 a - a +0 robe (worn)
 l - a +1 helmet (worn)
 o - a +2 pair of boots (worn)
Jewellery
 m - a ring of protection from fire (left hand)
 n - a ring of positive energy (right hand)
Talismans
 v - a beast talisman
Wands
 d - a wand of flame (18)
 k - a wand of roots (3)
 x - a wand of paralysis (9)
Scrolls
 j - 4 scrolls of teleportation {unknown}
 r - a scroll of blinking
 s - a scroll of revelation {unknown}
 t - 2 scrolls of vulnerability {unknown}
Potions
 b - a potion of magic
 c - 3 potions of heal wounds
 e - 2 potions of might {unknown}
 f - 2 potions of enlightenment
 g - 2 potions of lignification
 h - a potion of experience {unknown}
 i - a potion of brilliance {unknown}
 q - 3 potions of ambrosia {unknown}
 u - a potion of attraction {unknown}
 w - a potion of cancellation {unknown}
 z - a potion of resistance {unknown}


   Skills:
 * Level 4.4 Fighting
 + Level 2.4 Dodging
 + Level 3.1 Stealth
 + Level 0.1 Shields
 + Level 6.1 Spellcasting
 + Level 0.8 Transmutations
 * Level 6.8 Earth Magic


You had 13 spell levels left.
You knew the following spells:

 Your Spells              Type           Power      Damage    Failure   Level
a - Sandblast             Erth           62%        2d14      1%          1
b - Passwall              Tmut/Erth      16%        N/A       3%          2
c - Stone Arrow           Conj/Erth      36%        3d9       9%          3

Your spell library contained the following spells:

 Spells                   Type           Power      Damage    Failure   Level
 Petrify                  Tmut/Erth      20%        N/A       22%         4
 Brom's Barrelling Bould  Conj/Erth      18%        2d4       26%         4
 Gell's Gravitas          Tloc           5%         N/A       32%         3
 Teleport Other           Tloc           5%         N/A       32%         3
 Dispersal                Tloc           2%         N/A       100%        6


Dungeon Overview and Level Annotations

Branches:
Dungeon (6/15)              Sewer (visited)
 Temple: D:4-7

Altars:
Nemelex Xobeh
Sif Muna
Yredelemnul

Shops:
D:4 [(((*

Annotations:
D:5 2 transporters, senf's ghost, novice DsAr


Innate Abilities, Weirdness & Mutations

You have large cloven feet.
A weak demonic guardian rushes to your aid.
A meltable shield of frost defends you. (SH +4)
Your touch may irresistibly damage your foes and sap their willpower.


Message History

The gargoyle is moderately damaged.
The blast of sand hits the gargoyle but does no damage.
The gargoyle is moderately damaged.
The gargoyle hurls a stone arrow at you.
The stone arrow hits you! The gargoyle hits you with a +0 flail.
You are too injured to fight recklessly!
You hit the gargoyle but do no damage.
You touch the gargoyle!
You sap its willpower!
The gargoyle is severely damaged.
The gargoyle completely misses you.
You hit the gargoyle.
The gargoyle is almost destroyed.
You block the gargoyle's attack.
You hit the gargoyle but do no damage.
The gargoyle is almost destroyed.
The gargoyle hits you with a +0 flail!
* * * LOW HITPOINT WARNING * * *
You hit the gargoyle. Your touch misses the gargoyle.
The gargoyle is almost destroyed.
The gargoyle hurls a stone arrow at you.
The stone arrow misses you.
You hit the gargoyle but do no damage.
The gargoyle is almost destroyed.
The gargoyle hits you with a +0 flail!
* * * LOW HITPOINT WARNING * * *
A demonic guardian appears!
You hit the gargoyle but do no damage.
The gargoyle is almost destroyed.
The gargoyle barely misses you.
Casting: Sandblast (safe; 1% risk of failure)
Confirm with . or Enter, or press ? or * to list all spells.
Aiming: Stone Arrow (dangerous; 9% risk of failure)
Press: ? - help, Shift-Dir - straight line, f/p - gargoyle
Aim: a gargoyle, wielding a +0 flail (almost destroyed, ally target, 85% to hit)
You miscast Stone Arrow.
You are very lightly contaminated with residual magic.
Nothing appears to happen.
Your iron imp hits the gargoyle but does no damage.
The gargoyle hits you with a +0 flail!!
You die...

.....#....#.............#......#.
.....######.............##+###+#^
######..# ##############.........
...#....# ##....#.........
...#....# .#....#....<....
...#..### .#....'.........
...#..# 5#....#......... ...'..#
###9##...#......... ####..# #.@#
#...###'##.... ..##..# #..#
#...#....#.... ..#...#
#'####...#....#.... ..#...#
#....'...#....#.... ..#...###
#.88.#...#....#....
..#####'#######.88.###.##...#....
..###.....##..#....##############
..........#...######.#
..........#....#.....#


You could see a gargoyle (ally target) and a friendly iron imp (summoned).

Vanquished Creatures
  Duvessa (D:5)
  An ice beast (D:6)
  3 black bears
  An ogre (D:6)
  A scorpion (D:5)
  Dowan (D:5)
  A wyvern skeleton (D:5)
  A jelly (D:4)
  A bullfrog skeleton (D:5)
  3 hounds
  A gnoll bouda (D:4)
  A centaur zombie (D:5)
  An orc priest (D:4)
  Jessica (D:3)
  Natasha (twice) (D:2)
  2 iguanas (D:5)
  2 orc wizards (D:4)
  2 sleepcaps
  Robin (D:2)
  A howler monkey zombie (D:5)
  17 adders
  3 gnolls (D:4)
  6 river rats (Sewer)
  2 ufetubi (D:6)
  An adder zombie (D:5)
  2 worms (Sewer)
  3 dart slugs
  13 orcs
  6 endoplasms
  3 giant cockroaches (Sewer)
  17 goblins
  9 hobgoblins
  7 jackals
  8 quokkas
  9 ball pythons
  11 bats
  3 frilled lizards
  5 kobolds
  4 rats
157 creatures vanquished.

Vanquished Creatures (collateral kills)
  Natasha (D:2)
1 creature vanquished.

Grand Total: 158 creatures vanquished

Notes
Turn   | Place    | Note
-------+----------+-------------------------------------------
     0 | D:1      | gelatine the Demonspawn Earth Elementalist began the quest
                  | for the Orb.
     0 | D:1      | Reached XP level 1. HP: 13/13 MP: 3/3
   195 | D:1      | Gained mutation: A meltable shield of frost defends you.
                  | (SH +4) [demonic ancestry]
   195 | D:1      | Reached XP level 2. HP: 19/19 MP: 3/5
   222 | D:1      | Learned a level 2 spell: Passwall
   277 | D:1      | Found a faded altar of an unknown god.
  1086 | D:2      | Discovered your monstrous ancestry.
  1086 | D:2      | Gained mutation: Your touch may inflict minor irresistible
                  | damage on your foes. [demonic ancestry]
  1086 | D:2      | Reached XP level 3. HP: 25/25 MP: 3/6
  1307 | D:2      | Noticed Natasha
  1312 | D:2      | Killed Natasha
  1313 | D:2      | Reached skill level 1 in Fighting
  1313 | D:2      | Gained mutation: A weak demonic guardian rushes to your
                  | aid. [demonic ancestry]
  1313 | D:2      | Reached XP level 4. HP: 32/32 MP: 1/8
  1462 | D:2      | Learned a level 3 spell: Stone Arrow
  1509 | D:2      | Noticed Natasha
  1516 | D:2      | Killed Natasha
  1610 | D:2      | Noticed Robin
  1625 | D:2      | Killed Robin
  1744 | D:2      | Noticed Natasha
  1750 | D:2      | Killed Natasha
  1751 | D:2      | Gained mutation: Your touch may inflict irresistible damage
                  | on your foes. [demonic ancestry]
  1751 | D:2      | Reached XP level 5. HP: 37/37 MP: 5/9
  2720 | D:3      | You fall into a shaft and drop 3 floors!
  2843 | D:6      | Noticed an ice beast
  3015 | D:6      | Noticed an ogre
  3146 | D:6      | Noticed a black bear
  3186 | D:6      | Found a glowing drain.
  3207 | D:6      | Gained mutation: You have large cloven feet. [demonic
                  | ancestry]
  3207 | D:6      | Reached XP level 6. HP: 42/44 MP: 5/11
  3215 | Sewer    | Entered a sewer
  3875 | Sewer    | Reached skill level 5 in Earth Magic
  4422 | D:5      | Entered Level 5 of the Dungeon
  4422 | D:5      | Noticed Duvessa
  4422 | D:5      | Noticed Dowan
  4439 | D:5      | Killed Duvessa
  4440 | D:5      | Gained mutation: Your touch may irresistibly damage your
                  | foes and sap their willpower. [demonic ancestry]
  4440 | D:5      | Reached XP level 7. HP: 39/51 MP: 1/13
  4646 | D:5      | Killed Dowan
  4767 | D:5      | Found a transporter.
  4770 | D:5      | Noticed senf's ghost (novice DsAr)
  4771 | D:5      | Found a transporter.
  5056 | D:5      | Reached skill level 5 in Spellcasting
  5294 | D:4      | Found a basalt altar of Yredelemnul.
  5341 | D:4      | Found Vibenu's General Store.
  5344 | D:4      | Bought a potion of curing for 39 gold pieces
  5391 | D:4      | Found Foatinif's Weapon Shoppe.
  5397 | D:4      | Found Qachie's Weapon Shoppe.
  5409 | D:4      | Reached XP level 8. HP: 59/59 MP: 11/15
  5493 | D:4      | Found a sparkling altar of Nemelex Xobeh.
  5618 | D:4      | Found Uvolub's Weapon Emporium.
  5993 | D:3      | Noticed Jessica
  5998 | D:3      | Killed Jessica
  6011 | D:3      | Found a shimmering blue altar of Sif Muna.
  6424 | D:4      | Found Qitur's Antique Armour Shop.
  7140 | D:6      | Noticed a gargoyle
  7152 | D:6      | Demolished by a gargoyle

Illustrated notes

Levels and vault maps discovered:
D:1:      tarquinn_simple_flora_water_a, layout_basic,
          ebering_ecumenical_altar_mist, hangedman_decor_growths,
          grunt_decor_one_mirror
D:2:      layout_loops_ring, uniq_robin, uniq_natasha
D:3:      layout_basic, tgw_sif, chequers_serial_rivers_micro_c,
          kennysheep_generic_room_8
D:4:      layout_loops_ring, nicolae_overflow_hidden_temple, lemuel_tele_altar,
          serial_shops, nicolae_shop_temple_entry_statues_fountains,
          nicolae_shop_tiny_statue_garden, nicolae_shop_stone,
          nicolae_shop_tiny_glass, nicolae_take_the_stairs, minivault_26
D:5:      layout_basic, gammafunk_ghost_mausoleum, serial_undead,
          serial_undead_a, serial_undead_a, serial_undead_b, serial_undead_d,
          nicolae_letterblocks [nicolae_letter_subblock,
          nicolae_letter_subblock, nicolae_letter_subblock,
          nicolae_letter_subblock, nicolae_letter_subblock,
          nicolae_letter_subblock, nicolae_letter_subblock,
          nicolae_letter_subblock, nicolae_letter_subblock,
          nicolae_letter_subblock, nicolae_letter_subblock,
          nicolae_letter_subblock, nicolae_letter_subblock,
          nicolae_letter_subblock, nicolae_letter_subblock,
          nicolae_letter_subblock, nicolae_letter_subblock,
          nicolae_letter_subblock, nicolae_letter_subblock,
          nicolae_letter_subblock, nicolae_letter_subblock,
          nicolae_letter_subblock, nicolae_letter_subblock,
          nicolae_letter_subblock, nicolae_letter_subblock], uniq_duvessa
D:6:      minmay_chambers_of_fours, layout_gridville, gup_sewer_entry_glass

Skill      XL: |  1  2  3  4  5  6  7  8 |
---------------+-------------------------+-----
Earth Magic    | 3 4 5 6 |  6.8
Fighting       | 1 2 3 4 |  4.4
Stealth        | 2 3 |  3.1
Spellcasting   | 3 4 5 6 |  6.1
Dodging        | 2 |  2.4
Shields        | |  0.1
Transmutations | |  0.8

Action                     |  1- 3 |  4- 6 |  7- 9 || total
---------------------------+-------+-------+-------++-------
  Melee: Dagger            |       |    22 |    13 ||    35
         Touch             |       |     6 |     1 ||     7
   Cast: Sandblast         |    40 |   134 |   109 ||   283
         Stone Arrow       |       |     2 |       ||     2
    Use: Scroll            |       |     8 |       ||     8
         Potion            |       |     3 |     1 ||     4
 Armour: Robe              |     6 |    93 |    37 ||   136
  Dodge: Dodged            |     6 |    71 |    27 ||   104
  Block: Other             |     1 |    22 |     9 ||    32

Table legend: (Time is in decaauts)
 A = Elapsed time spent in this place.
 B = Non-inter-level travel time spent in this place.
 C = Inter-level travel time spent in this place.
 D = Time resting spent in this place.
 E = Time spent auto-exploring this place.
 F = Levels seen in this place.
 G = Mean time per level.
                   A        B        C        D        E       F      G
               +--------+--------+--------+--------+--------+-----+--------+
         Total |   7463 |   6923 |    540 |      0 |   5686 |   7 | 1066.1 |
       Dungeon |   6205 |   5665 |    540 |      0 |   4730 |   6 | 1034.2 |
         Sewer |   1258 |   1258 |      0 |      0 |    956 |   1 | 1258.0 |
               +--------+--------+--------+--------+--------+-----+--------+

Top non-repeatable levels by time:
   Sewer: 1258 daAuts
     D:6: 1242 daAuts
     D:2: 1106 daAuts
     D:1: 1085 daAuts
     D:5: 972 daAuts
     D:3: 933 daAuts
     D:4: 866 daAuts
